Predators vs Jets

Created - 6 décembre 2016 at 19:01

Goals
1 2 3 OT1 T
Predators 0 1 1 1 3
Jets 1 0 1 0 2
Shots
1 2 3 OT1 T
Predators 14 7 12 4 37
Jets 11 9 14 0 34

1st period

1. Jets , Benoit Pouliot 9 (Derek Roy, Dustin Brown) at 13:12 (PP)

Penalties :
Alexander Steen (Nas) for Slashing (Minor) at 2:13, Alexander Edler (Nas) for Roughing (Minor) at 8:06, Brent Seabrook (Win) for Roughing (Minor) at 8:35, Frans Nielsen (Nas) for Holding (Minor) at 12:56, Eric Fehr (Win) for Holding (Minor) at 18:14

2nd period

2. Predators , Frans Nielsen 8 (Alexander Steen, Michael Grabner) at 10:08

Penalties :
No Penalty

3rd period

3. Jets , Derek Stepan 1 (Tyler Myers, Michael Rupp) at 6:35
4. Predators , Alexander Ovechkin 11 (Christian Ehrhoff, Adam Burish) at 14:23

Penalties :
Adam Burish (Nas) for Hooking (Minor) at 6:54, Zack Hamill (Win) for Holding (Minor) at 10:54, Jussi Jokinen (Win) for Hooking (Minor) at 16:22, Frans Nielsen (Nas) for Tripping (Minor) at 19:06

Overtime #1

5. Predators , Frans Nielsen 9 (Brett Clark, Alexander Steen) at 3:02

Penalties :
No Penalty

Goalie Stats

Maxime Daigneault (Nas), 32 saves from 34 shots - (0,941), W, 5-5-1, 63:02 minutes
Jacob Markstrom (Win), 34 saves from 37 shots - (0,919), OTL, 2-1-1, 63:02 minutes

Players Stats for Predators

Player Name              G  A  P  +/- PIM S  H  SB GA TA FO     MP     PP MP  PK MP  
------------------------------------------------------------------------------------
Adam Burish              0  1  1   1  2   0  0  1  0  0  2/6    19:04   3:37   1:06 
Alexander Edler          0  0  0  -1  2   5  3  0  0  2  0/0    28:42   4:12   4:22 
Alexander Ovechkin       1  0  1   1  0   6  2  0  0  0  1/4    21:04   3:53   1:29 
Alexander Steen          0  2  2   2  2   3  1  0  0  0  1/1    17:35   2:33   0:00 
Andy Miele               0  0  0   0  0   0  1  0  0  0  0/0     7:36   0:00   0:00 
Barret Jackman           0  0  0   1  0   0  1  1  0  1  0/0    13:14   0:29   0:00 
Brett Clark              0  1  1   1  0   2  2  3  0  0  0/0    13:33   0:00   1:51 
Christian Ehrhoff        0  1  1   2  0   1  3  0  2  1  0/0    18:43   2:01   0:00 
David Jones              0  0  0  -1  0   2  1  0  0  0  0/0    12:26   0:00   1:28 
Eric Nystrom             0  0  0   0  0   3  0  1  0  0  1/2    12:06   0:00   4:18 
Frans Nielsen            2  0  2   2  4   7  4  0  0  0  6/13   18:01   2:33   0:17 
James Van Riemsdyk       0  0  0  -1  0   0  0  1  0  0  0/0    10:55   0:00   0:00 
John Moore               0  0  0   2  0   2  1  2  0  1  0/0    21:21   2:01   2:20 
Kris Vernarsky           0  0  0  -1  0   0  0  0  0  0  4/5    11:13   0:00   0:00 
Michael Grabner          0  1  1   1  0   2  0  0  0  0  1/1    13:57   0:00   0:00 
Ryan Kesler              0  0  0   1  0   3  2  2  1  0  15/31  23:15   3:53   3:40 
Ryan Mcdonagh            0  0  0  -1  0   1  0  1  0  2  0/0    30:46   4:25   4:51 
Shane Doan               0  0  0   0  0   0  0  0  0  0  1/1    10:20   2:33   0:00 

Players Stats for Jets

Player Name              G  A  P  +/- PIM S  H  SB GA TA FO     MP     PP MP  PK MP  
------------------------------------------------------------------------------------
Anton Volchenkov         0  0  0   0  0   0  0  1  1  1  0/0    28:41   4:00   3:36 
Benoit Pouliot           1  0  1  -2  0   4  0  0  2  0  1/1    21:35   3:35   1:06 
Blake Wheeler            0  0  0  -1  0   1  1  0  0  0  1/1    17:10   2:01   1:30 
Brent Seabrook           0  0  0  -1  2   2  0  0  0  0  0/0    21:37   3:59   0:00 
Derek Roy                0  1  1  -2  0   0  1  0  0  1  19/35  23:34   3:35   3:43 
Derek Stepan             1  0  1   1  0   1  0  0  0  0  0/1    10:37   0:00   0:00 
Dmitri Kalinin           0  0  0  -2  0   0  0  2  1  1  0/0    22:23   1:36   2:21 
Dustin Brown             0  1  1  -1  0   6  2  0  1  0  0/2    20:18   3:35   1:43 
Eric Fehr                0  0  0   0  2   3  2  0  0  0  0/0     7:54   0:00   0:00 
Eric Gelinas             0  0  0   0  0   1  0  0  0  0  0/0    15:32   1:36   0:29 
Fredrik Sjostrom         0  0  0   0  0   3  1  0  1  0  0/0     8:34   0:00   0:00 
Jussi Jokinen            0  0  0  -1  2   7  2  2  0  0  0/0    16:32   2:01   0:00 
Lee Stempniak            0  0  0   1  0   0  2  0  0  0  1/1    10:08   0:00   0:00 
Marco Scandella          0  0  0   0  0   1  1  1  0  0  0/0    18:50   0:00   2:21 
Michael Rupp             0  1  1   1  0   2  2  1  0  0  0/0    14:07   0:00   3:37 
Mikko Koivu              0  0  0  -1  0   1  1  0  1  0  7/16   19:21   2:01   1:13 
Tyler Myers              0  1  1  -1  0   2  2  2  0  0  0/0    19:12   0:00   4:05 
Zack Hamill              0  0  0   0  2   0  0  0  0  0  3/7     8:03   0:00   0:00 

3 Stars

1 - Frans Nielsen (Nas)
2 - Alexander Ovechkin (Nas)
3 - Christian Ehrhoff (Nas)

Power Play

Predators - 0 on 4 Attempt(s) - 0,00%
Jets - 1 on 5 Attempt(s) - 20,00%

Penalty Kill

Predators - 4 on 5 Attempt(s) - 80,00% - Score 0 goal in Penalty Kill
Jets - 4 on 4 Attempt(s) - 100,00% - Score 0 goal in Penalty Kill

Team Stat

Predators - Hits : 21 - Faceoff Wins : 32 - Blocked Shots : 12 - Penalty Minutes : 10
Jets - Hits : 17 - Faceoff Wins : 32 - Blocked Shots : 9 - Penalty Minutes : 8

Official

Referees : Pollock Kevin and Walsh Ian
Linesman : Pierre Racicot and Brad Kovachik

Game Notes

No Game Note

Finance

Level 1 -- Attendance: 5819 (96,98%) -- Ticket Income 436 425 $
Level 2 -- Attendance: 4415 (88,30%) -- Ticket Income 220 750 $
Level 3 -- Attendance: 2000 (100,00%) -- Ticket Income 50 000 $
Level 4 -- Attendance: 3574 (89,35%) -- Ticket Income 64 332 $
Luxury Box -- Attendance: 910 (91,00%) -- Ticket Income 145 600 $
Game was played at the MTS Center.
Total Attendance: 16718 (92,88%)
Total Ticket Income: 917 107 $
Other Income: 137 566 $
Total Income: 1 054 673 $

Predators

5 vs 5 Forward 
   Center                   Left Wing                Right Wing               Time % Phy DF OF 
 1 Ryan Kesler              Alexander Ovechkin       Adam Burish              40     1   2  2  
 2 Frans Nielsen            Alexander Steen          Michael Grabner          30     1   2  2  
 3 Kris Vernarsky           James Van Riemsdyk       David Jones              20     1   2  2  
 4 Andy Miele               Eric Nystrom             Shane Doan               10     1   2  2  

5 vs 5 Defense 
   Defense                  Defense                                           Time % Phy DF OF 
 1 Ryan Mcdonagh            Alexander Edler                                   40     1   2  2  
 2 Christian Ehrhoff        John Moore                                        30     1   2  2  
 3 Barret Jackman           Brett Clark                                       20     1   2  2  
 4 Alexander Edler          Ryan Mcdonagh                                     10     1   2  2  

PowerPlay Forward 
   Center                   Left Wing                Right Wing               Time % Phy DF OF 
 1 Ryan Kesler              Alexander Ovechkin       Adam Burish              60     1   0  4  
 2 Frans Nielsen            Alexander Steen          Shane Doan               40     0   0  5  

PowerPlay Defense
   Defense                  Defense                                           Time % Phy DF OF 
 1 Ryan Mcdonagh            Alexander Edler                                   60     1   1  3  
 2 Christian Ehrhoff        John Moore                                        40     0   2  3  

Penalty Kill 4 Players Forward 
   Center                   Wing                     Time % Phy DF OF 
 1 Ryan Kesler              Eric Nystrom             60     1   2  2  
 2 Alexander Ovechkin       Adam Burish              40     1   2  2  

Penalty Kill 4 Players Defense
   Defense                  Defense                  Time % Phy DF OF 
 1 Alexander Edler          Ryan Mcdonagh            60     2   2  1  
 2 John Moore               Brett Clark              40     1   3  1  

Penalty Kill - 3 Players Forward 
   Forward                                           Time % Phy DF OF 
 1 Eric Nystrom                                      60     1   3  1  
 2 Frans Nielsen                                     40     1   3  1  

Penalty Kill - 3 Players Defense
   Defense                  Defense                  Time % Phy DF OF 
 1 Alexander Edler          Ryan Mcdonagh            60     2   3  0  
 2 John Moore               Brett Clark              40     1   4  0  

4 vs 4 Forward 
   Center                   Wing                     Time % Phy DF OF 
 1 Ryan Kesler              Alexander Ovechkin       60     1   2  2  
 2 Frans Nielsen            Alexander Steen          40     1   2  2  

4 vs 4 Defense
   Defense                  Defense                  Time % Phy DF OF 
 1 Alexander Edler          Ryan Mcdonagh            60     1   2  2  
 2 Christian Ehrhoff        John Moore               40     1   2  2  

Last Minutes Offensive
   Center                   Left Wing                Right Wing               Defense                  Defense                  
   Ryan Kesler              Alexander Ovechkin       Michael Grabner          Alexander Edler          Ryan Mcdonagh            

Last Minutes Defensive
   Center                   Left Wing                Right Wing               Defense                  Defense                  
   Ryan Kesler              Eric Nystrom             Frans Nielsen            Ryan Mcdonagh            Brett Clark              

Goaltenders
Starting : Maxime Daigneault        
Backup : Steve Mason              

Extra Forwards
Normal : Adam Burish, Kris Vernarsky, David Jones - PP : Adam Burish, Kris Vernarsky - PK : David Jones
Extra Defensemen
Normal : Barret Jackman, John Moore, Brett Clark - PP : Barret Jackman - PK : John Moore, Brett Clark
Penalty Shots
Alexander Ovechkin, Michael Grabner, James Van Riemsdyk, Shane Doan, David Jones

Jets

5 vs 5 Forward 
   Center                   Left Wing                Right Wing               Time % Phy DF OF 
 1 Derek Roy                Benoit Pouliot           Dustin Brown             35     1   2  2  
 2 Mikko Koivu              Jussi Jokinen            Blake Wheeler            30     1   2  2  
 3 Derek Stepan             Michael Rupp             Lee Stempniak            20     1   1  3  
 4 Zack Hamill              Fredrik Sjostrom         Eric Fehr                15     1   2  2  

5 vs 5 Defense 
   Defense                  Defense                                           Time % Phy DF OF 
 1 Brent Seabrook           Anton Volchenkov                                  35     1   2  2  
 2 Dmitri Kalinin           Tyler Myers                                       30     1   2  2  
 3 Eric Gelinas             Marco Scandella                                   25     1   2  2  
 4 Anton Volchenkov         Marco Scandella                                   10     1   2  2  

PowerPlay Forward 
   Center                   Left Wing                Right Wing               Time % Phy DF OF 
 1 Derek Roy                Benoit Pouliot           Dustin Brown             60     0   0  5  
 2 Mikko Koivu              Jussi Jokinen            Blake Wheeler            40     0   0  5  

PowerPlay Defense
   Defense                  Defense                                           Time % Phy DF OF 
 1 Anton Volchenkov         Brent Seabrook                                    60     0   1  4  
 2 Dmitri Kalinin           Eric Gelinas                                      40     0   1  4  

Penalty Kill 4 Players Forward 
   Center                   Wing                     Time % Phy DF OF 
 1 Derek Roy                Michael Rupp             60     0   5  0  
 2 Dustin Brown             Blake Wheeler            40     0   5  0  

Penalty Kill 4 Players Defense
   Defense                  Defense                  Time % Phy DF OF 
 1 Anton Volchenkov         Tyler Myers              60     0   5  0  
 2 Dmitri Kalinin           Marco Scandella          40     0   5  0  

Penalty Kill - 3 Players Forward 
   Forward                                           Time % Phy DF OF 
 1 Blake Wheeler                                     55     0   4  1  
 2 Dustin Brown                                      45     0   4  1  

Penalty Kill - 3 Players Defense
   Defense                  Defense                  Time % Phy DF OF 
 1 Anton Volchenkov         Tyler Myers              55     0   5  0  
 2 Dmitri Kalinin           Marco Scandella          45     0   5  0  

4 vs 4 Forward 
   Center                   Wing                     Time % Phy DF OF 
 1 Derek Roy                Benoit Pouliot           60     1   1  3  
 2 Mikko Koivu              Dustin Brown             40     1   1  3  

4 vs 4 Defense
   Defense                  Defense                  Time % Phy DF OF 
 1 Brent Seabrook           Anton Volchenkov         60     0   3  2  
 2 Dmitri Kalinin           Marco Scandella          40     0   3  2  

Last Minutes Offensive
   Center                   Left Wing                Right Wing               Defense                  Defense                  
   Derek Roy                Benoit Pouliot           Dustin Brown             Brent Seabrook           Anton Volchenkov         

Last Minutes Defensive
   Center                   Left Wing                Right Wing               Defense                  Defense                  
   Derek Roy                Michael Rupp             Blake Wheeler            Tyler Myers              Anton Volchenkov         

Goaltenders
Starting : Jacob Markstrom          
Backup : Kari Lehtonen            

Extra Forwards
Normal : Derek Roy, Dustin Brown, Benoit Pouliot - PP : Blake Wheeler, Derek Roy - PK : Derek Roy
Extra Defensemen
Normal : Dmitri Kalinin, Brent Seabrook, Anton Volchenkov - PP : Anton Volchenkov - PK : Dmitri Kalinin, Anton Volchenkov
Penalty Shots
Benoit Pouliot, Derek Roy, Blake Wheeler, Dustin Brown, Mikko Koivu

% Time on Ice - Predators

Lines # - Real PCT - Wanted PCT - Time Play
Normal Forward
1 - 30% - 40% - 13:48
2 - 30% - 30% - 14:09
3 - 23% - 20% - 10:55
4 - 16% - 10% - 7:36
Normal Defense
1 - 39% - 40% - 18:19
2 - 34% - 30% - 15:34
3 - 24% - 20% - 11:03
4 - 3% - 10% - 1:32
PP Forward
1 - 60% - 60% - 3:53
2 - 40% - 40% - 2:33
PP Defense
1 - 69% - 60% - 4:25
2 - 31% - 40% - 2:01
PK Forward
1 - 75% - 60% - 4:13
2 - 25% - 40% - 1:23
PK Defense
1 - 68% - 60% - 3:49
2 - 32% - 40% - 1:47
PK3 Forward
1 - 67% - 60% - 0:44
2 - 33% - 40% - 0:22
PK3 Defense
1 - 94% - 60% - 1:02
2 - 6% - 40% - 0:04
44 Forward
1 - 74% - 60% - 2:32
2 - 26% - 40% - 0:54
44 Defense
1 - 51% - 60% - 1:46
2 - 49% - 40% - 1:40
Last Minute Offensive  - 0:00
Last Minute Defensive  - 0:00
Total
Forward - 63:02
Defense - 63:02

% Time on Ice - Jets

Lines # - Real PCT - Wanted PCT - Time Play
Normal Forward
1 - 32% - 35% - 14:56
2 - 29% - 30% - 13:39
3 - 22% - 20% - 10:08
4 - 17% - 15% - 7:45
Normal Defense
1 - 35% - 35% - 16:25
2 - 33% - 30% - 15:27
3 - 26% - 25% - 11:51
4 - 6% - 10% - 2:45
PP Forward
1 - 64% - 60% - 3:35
2 - 36% - 40% - 2:01
PP Defense
1 - 71% - 60% - 4:00
2 - 29% - 40% - 1:36
PK Forward
1 - 73% - 60% - 4:43
2 - 27% - 40% - 1:43
PK Defense
1 - 63% - 60% - 4:05
2 - 37% - 40% - 2:21
PK3 Forward
1 - 0% - 55%
2 - 0% - 45%
PK3 Defense
1 - 0% - 55%
2 - 0% - 45%
44 Forward
1 - 78% - 60% - 3:33
2 - 22% - 40% - 0:59
44 Defense
1 - 76% - 60% - 3:27
2 - 24% - 40% - 1:05
Last Minute Offensive  - 0:00
Last Minute Defensive  - 0:00
Total
Forward - 63:02
Defense - 63:02

Play by Play

1st period


0:01 of 1st period - Derek Roy wins face-off versus Ryan Kesler in neutral zone.
0:26 of 1st period - Brent Seabrook is hit by Frans Nielsen and loses puck.
1:48 of 1st period - Icing by Dmitri Kalinin.
1:49 of 1st period - Derek Roy wins face-off versus Frans Nielsen in Jets zone.
1:49 of 1st period - Derek Roy is hit by Frans Nielsen.
2:07 of 1st period - Snap shot by Jussi Jokinen.
2:07 of 1st period - Stopped by Maxime Daigneault with a rebound.
2:13 of 1st period - Minor Penalty to Alexander Steen for Slashing.
2:14 of 1st period - Ryan Kesler wins face-off versus Derek Roy in Predators zone.
3:12 of 1st period - Snap shot by Adam Burish.
3:12 of 1st period - Shot Misses the Net.
4:13 of 1st period - Penalty to Alexander Steen is over, Alexander Steen is back on ice.
5:55 of 1st period - Dmitri Kalinin is hit by Brett Clark and loses puck.
6:12 of 1st period - Michael Rupp is hit by Christian Ehrhoff and loses puck.
7:15 of 1st period - Snap shot by Frans Nielsen.
7:15 of 1st period - Deflect By Michael Grabner.
7:15 of 1st period - Stopped by Jacob Markstrom without a rebound.
7:16 of 1st period - Mikko Koivu wins face-off versus Ryan Kesler in Jets zone.
7:25 of 1st period - Wrist shot by Jussi Jokinen.
7:25 of 1st period - Stopped by Maxime Daigneault without a rebound.
7:26 of 1st period - Mikko Koivu wins face-off versus Ryan Kesler in Predators zone.
7:37 of 1st period - Snap shot by Mikko Koivu.
7:37 of 1st period - Shot Blocked by Adam Burish.
7:45 of 1st period - Slapshot by Mikko Koivu.
7:45 of 1st period - Stopped by Maxime Daigneault without a rebound.
7:46 of 1st period - Frans Nielsen wins face-off versus Derek Roy in Predators zone.
8:06 of 1st period - Minor Penalty to Alexander Edler for Roughing.
8:07 of 1st period - Eric Nystrom wins face-off versus Derek Roy in Predators zone.
8:35 of 1st period - Minor Penalty to Brent Seabrook for Roughing.
8:36 of 1st period - Derek Roy wins face-off versus Ryan Kesler in Jets zone.
9:17 of 1st period - Barret Jackman is hit by Dustin Brown and loses puck.
9:26 of 1st period - Snap shot by Frans Nielsen.
9:26 of 1st period - Stopped by Jacob Markstrom without a rebound.
9:27 of 1st period - Ryan Kesler wins face-off versus Derek Roy in Jets zone.
10:06 of 1st period - Penalty to Alexander Edler is over, Alexander Edler is back on ice.
10:13 of 1st period - Snap shot by Alexander Edler.
10:13 of 1st period - Stopped by Jacob Markstrom with a rebound.
10:27 of 1st period - Tyler Myers is hit by Barret Jackman and loses puck.
10:35 of 1st period - Penalty to Brent Seabrook is over, Brent Seabrook is back on ice.
10:52 of 1st period - Snap shot by Fredrik Sjostrom.
10:52 of 1st period - Stopped by Maxime Daigneault with a rebound.
10:54 of 1st period - Slapshot by Eric Fehr.
10:54 of 1st period - Shot Blocked by John Moore.
11:02 of 1st period - Snap shot by Eric Fehr.
11:02 of 1st period - Shot Misses the Net.
11:26 of 1st period - Slapshot by Dustin Brown.
11:26 of 1st period - Stopped by Maxime Daigneault with a rebound.
11:28 of 1st period - Snap shot by Dustin Brown.
11:28 of 1st period - Stopped by Maxime Daigneault without a rebound.
11:29 of 1st period - Frans Nielsen wins face-off versus Derek Roy in Predators zone.
11:49 of 1st period - Benoit Pouliot is hit by Alexander Edler and loses puck.
12:02 of 1st period - Snap shot by Alexander Ovechkin.
12:02 of 1st period - Stopped by Jacob Markstrom with a rebound.
12:04 of 1st period - Snap shot by Alexander Edler.
12:04 of 1st period - Stopped by Jacob Markstrom without a rebound.
12:05 of 1st period - Ryan Kesler wins face-off versus Mikko Koivu in Jets zone.
12:14 of 1st period - Wrist shot by Jussi Jokinen.
12:14 of 1st period - Stopped by Maxime Daigneault with a rebound.
12:16 of 1st period - Slapshot by Jussi Jokinen.
12:16 of 1st period - Stopped by Maxime Daigneault with a rebound.
12:18 of 1st period - Wrist shot by Blake Wheeler.
12:18 of 1st period - Shot Misses the Net.
12:24 of 1st period - Snap shot by Blake Wheeler.
12:24 of 1st period - Shot Misses the Net.
12:26 of 1st period - Slapshot by Brent Seabrook.
12:26 of 1st period - Deflect By Alexander Ovechkin.
12:26 of 1st period - Stopped by Maxime Daigneault with a rebound.
12:28 of 1st period - Slapshot by Mikko Koivu.
12:28 of 1st period - Shot Blocked by Ryan Kesler.
12:32 of 1st period - Snap shot by Jussi Jokinen.
12:32 of 1st period - Stopped by Maxime Daigneault without a rebound.
12:33 of 1st period - Derek Roy wins face-off versus Frans Nielsen in Predators zone.
12:56 of 1st period - Minor Penalty to Frans Nielsen for Holding.
12:57 of 1st period - Benoit Pouliot wins face-off versus Ryan Kesler in Predators zone.
13:12 of 1st period - Wrist shot by Benoit Pouliot.
13:12 of 1st period - Goal by Benoit Pouliot - Predators : 0 - Jets : 1.
13:13 of 1st period - Derek Roy wins face-off versus Adam Burish in neutral zone.
14:04 of 1st period - Slapshot by Alexander Edler.
14:04 of 1st period - Shot Misses the Net.
14:06 of 1st period - Wrist shot by Alexander Edler.
14:06 of 1st period - Deflect By Dmitri Kalinin.
14:06 of 1st period - Stopped by Jacob Markstrom with a rebound.
14:08 of 1st period - Wrist shot by Michael Grabner.
14:08 of 1st period - Stopped by Jacob Markstrom without a rebound.
14:09 of 1st period - Frans Nielsen wins face-off versus Derek Roy in Jets zone.
14:18 of 1st period - Slapshot by Frans Nielsen.
14:18 of 1st period - Stopped by Jacob Markstrom with a rebound.
14:20 of 1st period - Slapshot by John Moore.
14:20 of 1st period - Deflect By Alexander Steen.
14:20 of 1st period - Shot Misses the Net.
14:20 of 1st period - Puck is out of play.
14:21 of 1st period - Adam Burish wins face-off versus Mikko Koivu in Jets zone.
14:24 of 1st period - Snap shot by Ryan Kesler.
14:24 of 1st period - Shot Misses the Net.
14:26 of 1st period - Slapshot by Ryan Kesler.
14:26 of 1st period - Shot Blocked by Anton Volchenkov.
14:28 of 1st period - Slapshot by Ryan Kesler.
14:28 of 1st period - Deflect By Alexander Ovechkin.
14:28 of 1st period - Shot Misses the Net.
14:28 of 1st period - Puck is out of play.
14:29 of 1st period - Blake Wheeler wins face-off versus Adam Burish in Jets zone.
14:40 of 1st period - Snap shot by Ryan Kesler.
14:40 of 1st period - Stopped by Jacob Markstrom without a rebound.
14:41 of 1st period - Ryan Kesler wins face-off versus Derek Roy in Jets zone.
14:48 of 1st period - Wrist shot by Ryan Kesler.
14:48 of 1st period - Stopped by Jacob Markstrom with a rebound.
14:50 of 1st period - Slapshot by Alexander Edler.
14:50 of 1st period - Shot Misses the Net.
14:52 of 1st period - Slapshot by Ryan Mcdonagh.
14:52 of 1st period - Shot Misses the Net.
14:54 of 1st period - Snap shot by Ryan Mcdonagh.
14:54 of 1st period - Shot Blocked by Dmitri Kalinin.
14:56 of 1st period - Slapshot by Adam Burish.
14:56 of 1st period - Deflect By Alexander Ovechkin.
14:56 of 1st period - Shot Misses the Net.
14:56 of 1st period - Puck is out of play.
14:57 of 1st period - Kris Vernarsky wins face-off versus Mikko Koivu in Jets zone.
15:06 of 1st period - Snap shot by David Jones.
15:06 of 1st period - Stopped by Jacob Markstrom with a rebound.
15:28 of 1st period - Barret Jackman is hit by Marco Scandella and loses puck.
15:57 of 1st period - Slapshot by David Jones.
15:57 of 1st period - Shot Misses the Net.
15:59 of 1st period - Slapshot by John Moore.
15:59 of 1st period - Stopped by Jacob Markstrom without a rebound.
16:00 of 1st period - Derek Roy wins face-off versus Ryan Kesler in Jets zone.
16:16 of 1st period - Off-side.
16:17 of 1st period - Alexander Steen wins face-off versus Mikko Koivu in neutral zone.
16:44 of 1st period - Benoit Pouliot is hit by Alexander Ovechkin.
16:52 of 1st period - Snap shot by Ryan Kesler.
16:52 of 1st period - Shot Misses the Net.
16:54 of 1st period - Snap shot by Alexander Ovechkin.
16:54 of 1st period - Stopped by Jacob Markstrom without a rebound.
16:55 of 1st period - Ryan Kesler wins face-off versus Mikko Koivu in Jets zone.
17:20 of 1st period - Christian Ehrhoff is hit by Dustin Brown and loses puck.
17:41 of 1st period - Backhand shot by Derek Roy.
17:41 of 1st period - Deflect By Eric Fehr.
17:41 of 1st period - Shot Blocked by James Van Riemsdyk.
17:41 of 1st period - Puck is out of play.
17:42 of 1st period - Zack Hamill wins face-off versus Kris Vernarsky in Predators zone.
17:59 of 1st period - Slapshot by David Jones.
17:59 of 1st period - Shot Misses the Net.
18:01 of 1st period - Slapshot by Alexander Edler.
18:01 of 1st period - Deflect By Eric Fehr.
18:01 of 1st period - Stopped by Jacob Markstrom with a rebound.
18:14 of 1st period - Minor Penalty to Eric Fehr for Holding.
18:15 of 1st period - Ryan Kesler wins face-off versus Derek Roy in Jets zone.
Goals for this period are 0 for Predators vs 1 for Jets.
Shots for this period are 14 for Predators vs 11 for Jets.

2nd period


0:01 of 2nd period - Derek Roy wins face-off versus Ryan Kesler in neutral zone.
0:06 of 2nd period - Slapshot by Anton Volchenkov.
0:06 of 2nd period - Shot Misses the Net.
0:14 of 2nd period - Penalty to Eric Fehr is over, Eric Fehr is back on ice.
0:58 of 2nd period - Shane Doan is hit by Eric Fehr and loses puck.
1:07 of 2nd period - Andy Miele is hit by Eric Fehr and loses puck.
1:22 of 2nd period - Slapshot by Tyler Myers.
1:22 of 2nd period - Stopped by Maxime Daigneault with a rebound.
1:24 of 2nd period - Slapshot by Dustin Brown.
1:24 of 2nd period - Deflect By Benoit Pouliot.
1:24 of 2nd period - Shot Misses the Net.
1:24 of 2nd period - Puck is out of play.
1:25 of 2nd period - Ryan Kesler wins face-off versus Derek Roy in Predators zone.
1:34 of 2nd period - Snap shot by Alexander Ovechkin.
1:34 of 2nd period - Stopped by Jacob Markstrom with a rebound.
1:40 of 2nd period - Snap shot by Alexander Ovechkin.
1:40 of 2nd period - Shot Misses the Net.
1:42 of 2nd period - Backhand shot by Alexander Ovechkin.
1:42 of 2nd period - Shot Misses the Net.
1:58 of 2nd period - Wrist shot by Blake Wheeler.
1:58 of 2nd period - Shot Blocked by John Moore.
2:00 of 2nd period - Wrist shot by Mikko Koivu.
2:00 of 2nd period - Deflect By Blake Wheeler.
2:00 of 2nd period - Stopped by Maxime Daigneault without a rebound.
2:01 of 2nd period - Ryan Kesler wins face-off versus Derek Stepan in Predators zone.
2:14 of 2nd period - Dmitri Kalinin is hit by Alexander Edler.
2:20 of 2nd period - Adam Burish is hit by Tyler Myers and loses puck.
2:43 of 2nd period - Wrist shot by Benoit Pouliot.
2:43 of 2nd period - Shot Misses the Net.
5:09 of 2nd period - Snap shot by Eric Fehr.
5:09 of 2nd period - Stopped by Maxime Daigneault with a rebound.
5:11 of 2nd period - Slapshot by Eric Gelinas.
5:11 of 2nd period - Stopped by Maxime Daigneault with a rebound.
5:29 of 2nd period - Wrist shot by Frans Nielsen.
5:29 of 2nd period - Shot Blocked by Tyler Myers.
5:45 of 2nd period - James Van Riemsdyk is hit by Lee Stempniak and loses puck.
6:12 of 2nd period - Snap shot by Alexander Steen.
6:12 of 2nd period - Stopped by Jacob Markstrom without a rebound.
6:13 of 2nd period - Derek Roy wins face-off versus Ryan Kesler in Jets zone.
6:40 of 2nd period - John Moore is hit by Mikko Koivu and loses puck.
7:25 of 2nd period - Slapshot by Brent Seabrook.
7:25 of 2nd period - Deflect By Alexander Edler.
7:25 of 2nd period - Stopped by Maxime Daigneault with a rebound.
7:31 of 2nd period - Snap shot by Eric Nystrom.
7:31 of 2nd period - Stopped by Jacob Markstrom without a rebound.
7:32 of 2nd period - Derek Roy wins face-off versus Ryan Kesler in Jets zone.
7:32 of 2nd period - Derek Roy is hit by Ryan Kesler.
7:38 of 2nd period - Ryan Kesler is hit by Derek Roy and loses puck.
8:07 of 2nd period - Off-side.
8:08 of 2nd period - Mikko Koivu wins face-off versus Adam Burish in neutral zone.
8:23 of 2nd period - Marco Scandella is hit by Alexander Ovechkin and loses puck.
8:33 of 2nd period - Icing by Dustin Brown.
8:34 of 2nd period - Frans Nielsen wins face-off versus Derek Roy in Jets zone.
8:37 of 2nd period - Wrist shot by Frans Nielsen.
8:37 of 2nd period - Stopped by Jacob Markstrom without a rebound.
8:38 of 2nd period - Frans Nielsen wins face-off versus Derek Roy in Jets zone.
8:58 of 2nd period - Icing by Benoit Pouliot.
8:59 of 2nd period - Derek Roy wins face-off versus Alexander Ovechkin in Jets zone.
9:14 of 2nd period - Slapshot by Ryan Kesler.
9:14 of 2nd period - Stopped by Jacob Markstrom with a rebound.
9:28 of 2nd period - Alexander Steen is hit by Blake Wheeler and loses puck.
9:37 of 2nd period - Snap shot by Jussi Jokinen.
9:37 of 2nd period - Stopped by Maxime Daigneault with a rebound.
9:43 of 2nd period - Blake Wheeler is hit by Frans Nielsen and loses puck.
10:08 of 2nd period - Wrist shot by Frans Nielsen.
10:08 of 2nd period - Goal by Frans Nielsen - Predators : 1 - Jets : 1.
10:09 of 2nd period - Derek Roy wins face-off versus Ryan Kesler in neutral zone.
11:19 of 2nd period - Eric Fehr is hit by Christian Ehrhoff and loses puck.
11:26 of 2nd period - Wrist shot by Shane Doan.
11:26 of 2nd period - Shot Blocked by Tyler Myers.
11:39 of 2nd period - Icing by Zack Hamill.
11:40 of 2nd period - Adam Burish wins face-off versus Derek Roy in Jets zone.
11:49 of 2nd period - Ryan Kesler is hit by Tyler Myers and loses puck.
12:10 of 2nd period - Michael Grabner is hit by Jussi Jokinen and loses puck.
12:30 of 2nd period - Snap shot by James Van Riemsdyk.
12:30 of 2nd period - Shot Hit the Post.
12:32 of 2nd period - Snap shot by Brett Clark.
12:32 of 2nd period - Shot Misses the Net.
12:34 of 2nd period - Snap shot by Brett Clark.
12:34 of 2nd period - Shot Blocked by Marco Scandella.
12:36 of 2nd period - Backhand shot by Brett Clark.
12:36 of 2nd period - Deflect By David Jones.
12:36 of 2nd period - Shot Blocked by Michael Rupp.
12:36 of 2nd period - Puck is out of play.
12:37 of 2nd period - Derek Roy wins face-off versus Ryan Kesler in Jets zone.
12:48 of 2nd period - Snap shot by Dustin Brown.
12:48 of 2nd period - Shot Misses the Net.
12:54 of 2nd period - Snap shot by Derek Roy.
12:54 of 2nd period - Shot Misses the Net.
13:04 of 2nd period - Mikko Koivu is hit by John Moore and loses puck.
13:48 of 2nd period - Slapshot by Dmitri Kalinin.
13:48 of 2nd period - Shot Blocked by Brett Clark.
13:50 of 2nd period - Slapshot by Dmitri Kalinin.
13:50 of 2nd period - Shot Blocked by Brett Clark.
13:52 of 2nd period - Slapshot by Fredrik Sjostrom.
13:52 of 2nd period - Stopped by Maxime Daigneault without a rebound.
13:53 of 2nd period - Zack Hamill wins face-off versus Ryan Kesler in Predators zone.
15:03 of 2nd period - Eric Nystrom is hit by Michael Rupp and loses puck.
16:11 of 2nd period - Mikko Koivu is hit by David Jones and loses puck.
16:34 of 2nd period - Derek Stepan is hit by Andy Miele and loses puck.
16:43 of 2nd period - Slapshot by Alexander Edler.
16:43 of 2nd period - Shot Misses the Net.
16:58 of 2nd period - Slapshot by Derek Stepan.
16:58 of 2nd period - Shot Misses the Net.
17:40 of 2nd period - Slapshot by Alexander Edler.
17:40 of 2nd period - Deflect By Derek Stepan.
17:40 of 2nd period - Stopped by Jacob Markstrom with a rebound.
18:02 of 2nd period - Snap shot by Michael Rupp.
18:02 of 2nd period - Shot Blocked by Ryan Mcdonagh.
18:14 of 2nd period - Eric Nystrom is hit by Lee Stempniak and loses puck.
18:45 of 2nd period - Snap shot by Andy Miele.
18:45 of 2nd period - Deflect By Eric Nystrom.
18:45 of 2nd period - Shot Misses the Net.
18:45 of 2nd period - Puck is out of play.
18:46 of 2nd period - Alexander Ovechkin wins face-off versus Derek Roy in Jets zone.
19:19 of 2nd period - Anton Volchenkov is hit by Frans Nielsen and loses puck.
19:40 of 2nd period - Slapshot by Fredrik Sjostrom.
19:40 of 2nd period - Stopped by Maxime Daigneault with a rebound.
19:56 of 2nd period - Wrist shot by Benoit Pouliot.
19:56 of 2nd period - Deflect By Dustin Brown.
19:56 of 2nd period - Stopped by Maxime Daigneault with a rebound.
Goals for this period are 1 for Predators vs 0 for Jets.
Shots for this period are 7 for Predators vs 9 for Jets.

3rd period


0:01 of 3rd period - Ryan Kesler wins face-off versus Derek Roy in neutral zone.
0:06 of 3rd period - Wrist shot by Alexander Ovechkin.
0:06 of 3rd period - Stopped by Jacob Markstrom with a rebound.
0:26 of 3rd period - Brent Seabrook is hit by Alexander Steen and loses puck.
0:51 of 3rd period - Kris Vernarsky is hit by Fredrik Sjostrom and loses puck.
0:58 of 3rd period - Slapshot by Zack Hamill.
0:58 of 3rd period - Deflect By Eric Fehr.
0:58 of 3rd period - Stopped by Maxime Daigneault with a rebound.
2:43 of 3rd period - Backhand shot by Eric Fehr.
2:43 of 3rd period - Shot Blocked by Brett Clark.
3:01 of 3rd period - Marco Scandella is hit by Ryan Kesler and loses puck.
3:14 of 3rd period - Ryan Mcdonagh is hit by Jussi Jokinen and loses puck.
4:14 of 3rd period - Off-side.
4:15 of 3rd period - Michael Grabner wins face-off versus Mikko Koivu in neutral zone.
4:34 of 3rd period - Backhand shot by Alexander Steen.
4:34 of 3rd period - Shot Misses the Net.
4:36 of 3rd period - Backhand shot by Christian Ehrhoff.
4:36 of 3rd period - Shot Blocked by Jussi Jokinen.
5:24 of 3rd period - Slapshot by Frans Nielsen.
5:24 of 3rd period - Shot Misses the Net.
5:26 of 3rd period - Snap shot by Frans Nielsen.
5:26 of 3rd period - Stopped by Jacob Markstrom without a rebound.
5:27 of 3rd period - Derek Roy wins face-off versus Alexander Ovechkin in Jets zone.
5:56 of 3rd period - Backhand shot by Fredrik Sjostrom.
5:56 of 3rd period - Deflect By Zack Hamill.
5:56 of 3rd period - Deflect By Barret Jackman.
5:56 of 3rd period - Shot Blocked by Barret Jackman.
5:56 of 3rd period - Puck is out of play.
5:57 of 3rd period - Kris Vernarsky wins face-off versus Zack Hamill in Predators zone.
6:12 of 3rd period - Snap shot by Fredrik Sjostrom.
6:12 of 3rd period - Shot Misses the Net.
6:22 of 3rd period - Ryan Mcdonagh is hit by Michael Rupp and loses puck.
6:27 of 3rd period - Snap shot by Derek Stepan.
6:27 of 3rd period - Shot Misses the Net.
6:29 of 3rd period - Wrist shot by Lee Stempniak.
6:29 of 3rd period - Shot Misses the Net.
6:31 of 3rd period - Wrist shot by Derek Stepan.
6:31 of 3rd period - Deflect By Michael Rupp.
6:31 of 3rd period - Stopped by Maxime Daigneault with a rebound.
6:33 of 3rd period - Slapshot by Tyler Myers.
6:33 of 3rd period - Stopped by Maxime Daigneault with a rebound.
6:35 of 3rd period - Wrist shot by Derek Stepan.
6:35 of 3rd period - Goal by Derek Stepan - Predators : 1 - Jets : 2.
6:36 of 3rd period - Ryan Kesler wins face-off versus Dustin Brown in neutral zone.
6:54 of 3rd period - Minor Penalty to Adam Burish for Hooking.
6:55 of 3rd period - Derek Roy wins face-off versus Ryan Kesler in Predators zone.
7:03 of 3rd period - Wrist shot by Dustin Brown.
7:03 of 3rd period - Deflect By Benoit Pouliot.
7:03 of 3rd period - Stopped by Maxime Daigneault with a rebound.
7:28 of 3rd period - Icing by Jussi Jokinen.
7:29 of 3rd period - Ryan Kesler wins face-off versus Mikko Koivu in Jets zone.
8:19 of 3rd period - Wrist shot by Benoit Pouliot.
8:19 of 3rd period - Shot Blocked by Eric Nystrom.
8:43 of 3rd period - Snap shot by Dustin Brown.
8:43 of 3rd period - Stopped by Maxime Daigneault without a rebound.
8:44 of 3rd period - Mikko Koivu wins face-off versus Frans Nielsen in Predators zone.
8:45 of 3rd period - Slapshot by Jussi Jokinen.
8:45 of 3rd period - Stopped by Maxime Daigneault without a rebound.
8:46 of 3rd period - Mikko Koivu wins face-off versus Frans Nielsen in Predators zone.
8:54 of 3rd period - Penalty to Adam Burish is over, Adam Burish is back on ice.
8:54 of 3rd period - Icing by Eric Gelinas.
8:55 of 3rd period - Mikko Koivu wins face-off versus Frans Nielsen in Jets zone.
10:04 of 3rd period - Wrist shot by Eric Nystrom.
10:04 of 3rd period - Stopped by Jacob Markstrom with a rebound.
10:06 of 3rd period - Wrist shot by Shane Doan.
10:06 of 3rd period - Shot Misses the Net.
10:08 of 3rd period - Slapshot by Eric Nystrom.
10:08 of 3rd period - Stopped by Jacob Markstrom with a rebound.
10:32 of 3rd period - Snap shot by Ryan Mcdonagh.
10:32 of 3rd period - Stopped by Jacob Markstrom without a rebound.
10:33 of 3rd period - Ryan Kesler wins face-off versus Zack Hamill in Jets zone.
10:37 of 3rd period - Snap shot by Ryan Kesler.
10:37 of 3rd period - Deflect By Alexander Ovechkin.
10:37 of 3rd period - Shot Misses the Net.
10:37 of 3rd period - Puck is out of play.
10:38 of 3rd period - Ryan Kesler wins face-off versus Zack Hamill in Jets zone.
10:54 of 3rd period - Minor Penalty to Zack Hamill for Holding.
10:55 of 3rd period - Ryan Kesler wins face-off versus Derek Roy in Jets zone.
11:30 of 3rd period - Slapshot by Alexander Steen.
11:30 of 3rd period - Stopped by Jacob Markstrom without a rebound.
11:31 of 3rd period - Derek Roy wins face-off versus Ryan Kesler in Jets zone.
11:40 of 3rd period - Marco Scandella is hit by Christian Ehrhoff and loses puck.
12:44 of 3rd period - Slapshot by Benoit Pouliot.
12:44 of 3rd period - Shot Blocked by Ryan Kesler.
12:46 of 3rd period - Slapshot by Marco Scandella.
12:46 of 3rd period - Stopped by Maxime Daigneault without a rebound.
12:47 of 3rd period - Mikko Koivu wins face-off versus Ryan Kesler in Predators zone.
12:54 of 3rd period - Penalty to Zack Hamill is over, Zack Hamill is back on ice.
13:08 of 3rd period - Slapshot by Christian Ehrhoff.
13:08 of 3rd period - Shot Blocked by Dmitri Kalinin.
13:10 of 3rd period - Slapshot by John Moore.
13:10 of 3rd period - Shot Misses the Net.
13:12 of 3rd period - Slapshot by Brett Clark.
13:12 of 3rd period - Stopped by Jacob Markstrom without a rebound.
13:13 of 3rd period - Lee Stempniak wins face-off versus Frans Nielsen in Jets zone.
13:20 of 3rd period - Anton Volchenkov is hit by Brett Clark and loses puck.
13:46 of 3rd period - Wrist shot by Dustin Brown.
13:46 of 3rd period - Stopped by Maxime Daigneault with a rebound.
13:48 of 3rd period - Slapshot by Anton Volchenkov.
13:48 of 3rd period - Deflect By Dustin Brown.
13:48 of 3rd period - Shot Misses the Net.
13:48 of 3rd period - Puck is out of play.
13:49 of 3rd period - Kris Vernarsky wins face-off versus Mikko Koivu in Predators zone.
14:21 of 3rd period - Slapshot by Christian Ehrhoff.
14:21 of 3rd period - Stopped by Jacob Markstrom with a rebound.
14:23 of 3rd period - Backhand shot by Alexander Ovechkin.
14:23 of 3rd period - Goal by Alexander Ovechkin - Predators : 2 - Jets : 2.
14:24 of 3rd period - Derek Roy wins face-off versus Adam Burish in neutral zone.
14:58 of 3rd period - Backhand shot by Alexander Steen.
14:58 of 3rd period - Shot Blocked by Jussi Jokinen.
16:15 of 3rd period - Wrist shot by Alexander Steen.
16:15 of 3rd period - Stopped by Jacob Markstrom without a rebound.
16:16 of 3rd period - Kris Vernarsky wins face-off versus Mikko Koivu in Jets zone.
16:22 of 3rd period - Minor Penalty to Jussi Jokinen for Hooking.
16:23 of 3rd period - Derek Roy wins face-off versus Alexander Ovechkin in Jets zone.
16:31 of 3rd period - Snap shot by Michael Rupp.
16:31 of 3rd period - Stopped by Maxime Daigneault without a rebound.
16:32 of 3rd period - Ryan Kesler wins face-off versus Derek Roy in Predators zone.
16:39 of 3rd period - Wrist shot by Alexander Ovechkin.
16:39 of 3rd period - Stopped by Jacob Markstrom with a rebound.
17:12 of 3rd period - Slapshot by Dustin Brown.
17:12 of 3rd period - Stopped by Maxime Daigneault without a rebound.
17:13 of 3rd period - Shane Doan wins face-off versus Dustin Brown in Predators zone.
17:26 of 3rd period - Slapshot by John Moore.
17:26 of 3rd period - Shot Misses the Net.
17:28 of 3rd period - Slapshot by John Moore.
17:28 of 3rd period - Deflect By Derek Roy.
17:28 of 3rd period - Stopped by Jacob Markstrom with a rebound.
18:22 of 3rd period - Penalty to Jussi Jokinen is over, Jussi Jokinen is back on ice.
18:48 of 3rd period - Wrist shot by Benoit Pouliot.
18:48 of 3rd period - Stopped by Maxime Daigneault with a rebound.
18:50 of 3rd period - Snap shot by Benoit Pouliot.
18:50 of 3rd period - Stopped by Maxime Daigneault without a rebound.
18:51 of 3rd period - Zack Hamill wins face-off versus Frans Nielsen in Predators zone.
18:51 of 3rd period - Zack Hamill is hit by Alexander Edler.
18:53 of 3rd period - Snap shot by Eric Fehr.
18:53 of 3rd period - Stopped by Maxime Daigneault without a rebound.
18:54 of 3rd period - Frans Nielsen wins face-off versus Zack Hamill in Predators zone.
19:06 of 3rd period - Minor Penalty to Frans Nielsen for Tripping.
19:07 of 3rd period - Derek Roy wins face-off versus Ryan Kesler in Predators zone.
19:24 of 3rd period - Snap shot by Benoit Pouliot.
19:24 of 3rd period - Shot Misses the Net.
Goals for this period are 1 for Predators vs 1 for Jets.
Shots for this period are 12 for Predators vs 14 for Jets.

Overtime #1


0:01 of 1st overtime period - Derek Roy wins face-off versus Eric Nystrom in neutral zone.
0:44 of 1st overtime period - Wrist shot by David Jones.
0:44 of 1st overtime period - Stopped by Jacob Markstrom with a rebound.
1:06 of 1st overtime period - Penalty to Frans Nielsen is over, Frans Nielsen is back on ice.
2:58 of 1st overtime period - Snap shot by Alexander Steen.
2:58 of 1st overtime period - Deflect By Frans Nielsen.
2:58 of 1st overtime period - Stopped by Jacob Markstrom with a rebound.
3:00 of 1st overtime period - Slapshot by Brett Clark.
3:00 of 1st overtime period - Stopped by Jacob Markstrom with a rebound.
3:02 of 1st overtime period - Snap shot by Frans Nielsen.
3:02 of 1st overtime period - Goal by Frans Nielsen - Predators : 3 - Jets : 2.
Goals for this period are 1 for Predators vs 0 for Jets.
Shots for this period are 4 for Predators vs 0 for Jets.